 Dungeon Crawl Stone Soup version 0.32-a0-705-g60f233581c (webtiles) character file.

Game seed: 5037991727356724868

62 BeKind the Vexing (level 4, -5/29 HPs)
             Began as an Octopode Hexslinger on Mar 14, 2024.
             Killed from afar by Robin (6 damage)
             ... with a puff of flame
             ... on level 2 of the Dungeon.
             The game lasted 00:02:47 (847 turns).

BeKind the Vexing (Octopode Hexslinger)              Turns: 847, Time: 00:02:49

Health: -5/29      AC:  1    Str:  7    XL:     4   Next: 8%
Magic:  6/6        EV: 13    Int: 15    God:
Gold:   94         SH:  0    Dex: 16    Spells: 3/6 levels left

rFire   . . .        a - +1 sling
rCold   . . .        (no shield)
rNeg    . . .        (helmet restricted)
rPois   .            (no amulet)
rElec   .            (no ring)
rCorr   .            (no ring)
SInv    .            (no ring)
Will    .....        (no ring)
Stlth   ++           (no ring)
HPRegen 0.24/turn    (no ring)
MPRegen 0.10/turn    (no ring)
                     (no ring)

%: no passive effects
@: invisible
A: almost no armour, amphibious, 8 rings, camouflage 1, gelatinous body 1,
(nimble swimmer 1), tentacles
a: no special abilities


You were on level 2 of the Dungeon.
You visited 1 branch of the dungeon, and saw 2 of its levels.

You collected 94 gold pieces.

Inventory:

Hand Weapons
 a - a +1 sling (weapon)
Scrolls
 b - a scroll of poison
 c - a scroll of identify {unknown}


   Skills:
 + Level 1.7 Fighting
 + Level 2.5 Ranged Weapons
 + Level 2.5 Dodging
 + Level 1.7 Spellcasting
 + Level 3.4 Hexes
 - Level 1.0 Fire Magic


You had 3 spell levels left.
You knew the following spells:

 Your Spells              Type           Power      Damage    Failure   Level
a - Sigil of Binding      Hex            11%        N/A       17%         3

Your spell library contained the following spells:

 Spells                   Type           Power      Damage    Failure   Level
 Jinxbite                 Hex            22%        N/A       9%          2
 Summon Small Mammal      Summ           4%         N/A       22%         1
 Inner Flame              Hex/Fire       7%         N/A       28%         3
 Call Canine Familiar     Summ           1%         N/A       56%         3
 Cause Fear               Hex            5%         N/A       50%         4
 Dimensional Bullseye     Hex/Tloc       3%         N/A       75%         4
 Summon Blazeheart Golem  Fire/Summ      2%         N/A       88%         4
 Iskenderun's Battlesphe  Conj           1%         2d6       99%         5
 Bombard                  Conj/Erth      0%         9d1       100%        6
 Spellforged Servitor     Conj/Summ      0%         N/A       100%        7


Dungeon Overview and Level Annotations

Branches:
Dungeon (2/15)

Altars:

Shops:
D:1 [

Annotations:
D:2 Natasha, Robin


Innate Abilities, Weirdness & Mutations

You cannot wear most types of armour.
You are amphibious.
You can wear up to eight rings at the same time.
Your skin changes colour to match your surroundings (Stealth+).
Your rubbery body absorbs attacks. (AC +1, EV +1)
((You are camouflaged when in or above water. (Stealth+)))
You have tentacles for arms and can constrict up to eight enemies at once.


Message History

You are too injured to fight recklessly!
Fire: a) +1 sling
Press: ? - help, Shift-Dir - straight line, f/p - hobgoblin
Aim: a hobgoblin (59% to hit)
You shoot a sling bullet. The sling bullet hits the hobgoblin.
You kill the hobgoblin!
The adder barely misses you.
Fire: a) +1 sling
Press: ? - help, Shift-Dir - straight line, f - adder
Aim: an adder (40% to hit)
You shoot a sling bullet. The sling bullet hits the adder!
The adder is heavily wounded.
The adder bites you. x2
* * * LOW HITPOINT WARNING * * *
You are lethally poisoned!
The adder poisons you!
Fire: a) +1 sling
Press: ? - help, Shift-Dir - straight line, f/p - adder
Aim: an adder (heavily wounded, 40% to hit)
You shoot a sling bullet. The sling bullet hits the adder.
You kill the adder!
* * * LOW HITPOINT WARNING * * *
You feel sick.
You have reached level 4!
It was a potion of invisibility.
You fade into invisibility!
* * * LOW HITPOINT WARNING * * *
You feel sick. Robin misses you.
You shoot a sling bullet. The sling bullet hits Robin!
Robin is heavily wounded.
* * * LOW HITPOINT WARNING * * *
You feel sick. Robin closely misses you.
You shoot a sling bullet. The sling bullet hits Robin!
Robin is almost dead.
* * * LOW HITPOINT WARNING * * *
You feel sick.
You are no longer poisoned.
Robin barely misses you.
Robin zaps a wand.
The puff of flame hits you.
You die...
Robin lets out a smug laugh.

####### ###.....
#.....#
#####################
##.....#
#...@g.....).)).)...#
#......#
#...##########.###.##.#
#...†..# #.# #.# #.##.#
#......###.# #.# #.##.#
#.##.......#
##########.# #g##g#
#.##.##.####
#..........# #...#g
##.##.##.# #.##########
#..#.#
...##.##.######.##
#...#g#
#####.....†.)..#.##
#......).


You could see Robin (unable to see you).

Vanquished Creatures
  An adder (D:2)
  A ribbon worm (D:2)
  2 dart slugs
  3 bats (D:1)
  2 endoplasms (D:1)
  10 goblins (D:2)
  7 hobgoblins
  3 jackals (D:1)
  4 kobolds
  4 ball pythons (D:1)
  2 frilled lizards (D:1)
39 creatures vanquished.

Notes
Turn   | Place    | Note
-------+----------+-------------------------------------------
     0 | D:1      | BeKind the Octopode Hexslinger began the quest for the Orb.
     0 | D:1      | Reached XP level 1. HP: 13/13 MP: 2/2
   158 | D:1      | Reached XP level 2. HP: 18/18 MP: 3/3
   321 | D:1      | Found a faded altar of an unknown god.
   393 | D:1      | Reached XP level 3. HP: 23/23 MP: 5/5
   405 | D:1      | Found Kutuexaz's Armour Boutique.
   557 | D:2      | Learned a level 3 spell: Sigil of Binding
   804 | D:2      | Noticed Robin
   806 | D:2      | Noticed Natasha
   845 | D:2      | Reached XP level 4. HP: 3/29 MP: 6/6
   847 | D:2      | HP: 1/29 [poisoned by an adder]
   847 | D:2      | Killed from afar by Robin

Illustrated notes

Levels and vault maps discovered:
D:1:      dpeg_arrival_simpleton_a, layout_rooms,
          hellmonk_ecumenical_altar_arch_garden, serial_shops,
          nicolae_shop_hallway_plus, minmay_tetromino_s4
D:2:      layout_loops_ring, minmay_misc_feat_square, kennysheep_generic_room_5,
          uniq_natasha, uniq_crazy_yiuf_cottage, uniq_robin

Action                     |  1- 3 |  4- 6 || total
---------------------------+-------+-------++-------
   Fire: Sling             |   127 |     2 ||   129
    Use: Potion            |       |     1 ||     1
 Armour: Skin              |    43 |     1 ||    44
  Dodge: Dodged            |    62 |     3 ||    65

Table legend: (Time is in decaauts)
 A = Elapsed time spent in this place.
 B = Non-inter-level travel time spent in this place.
 C = Inter-level travel time spent in this place.
 D = Time resting spent in this place.
 E = Time spent auto-exploring this place.
 F = Levels seen in this place.
 G = Mean time per level.
                   A        B        C        D        E       F      G
               +--------+--------+--------+--------+--------+-----+--------+
         Total |    883 |    879 |      4 |      0 |    647 |   2 |  441.5 |
       Dungeon |    883 |    879 |      4 |      0 |    647 |   2 |  441.5 |
               +--------+--------+--------+--------+--------+-----+--------+

Top non-repeatable levels by time:
     D:1: 561 daAuts
     D:2: 321 daAuts
